 Dungeon Crawl Stone Soup version 0.23.1 (webtiles) character file.

Game seed: 1171686958416432017

183 Kairos the Sneak (level 5, -2/26 HPs)
             Began as a Vine Stalker Assassin on Mar 17, 2019.
             Slain by an ogre
             ... wielding a +0 giant club
              (4 damage)
             ... on level 4 of the Dungeon.
             The game lasted 00:03:47 (2044 turns).

Kairos the Sneak (Vine Stalker Assassin)            Turns: 2044, Time: 00:03:48

Health: -2/26      AC:  6    Str: 13    XL:     5   Next: 62%
Magic:  0/6        EV: 11    Int: 11    God:
Gold:   136        SH:  0    Dex: 17    Spells: 4/4 levels left

rFire    x . .     SeeInvis .   a - +2 dagger
rCold    + . .     Gourm    .   (no shield)
rNeg     . . .     Faith    .   n - +0 ring mail
rPois    .         Spirit   +   (no helmet)
rElec    .         Reflect  .   d - +0 cloak
rCorr    .         Harm     .   (no gloves)
MR       .....                  (no boots)
Stlth    +++.......             (no amulet)
HPRegen  0.48/turn              l - ring of ice
MPRegen  0.10/turn              (no ring)

@: no status effects
A: fangs 2, regeneration 1, magic shield, antimagic bite, no potion heal 3, rot
immunity
a: no special abilities


You were on level 4 of the Dungeon.
You were hungry.

You visited 1 branch of the dungeon, and saw 4 of its levels.

You collected 136 gold pieces.

Inventory:

Hand Weapons
 a - a +2 dagger (weapon)
 t - a +1 hunting sling of freezing
 w - a +0 blowgun
Missiles
 f - 8 needles of confusion
 q - 2 throwing nets (quivered)
 v - 11 sling bullets
 x - 2 curare-tipped needles
 y - 8 poisoned needles
Armour
 c - a +0 robe
 d - a +0 cloak (worn)
 n - a +0 ring mail (worn)
Jewellery
 l - a ring of ice (left hand)
Wands
 e - a wand of polymorph (8)
Scrolls
 j - a scroll of enchant armour {unknown}
 m - a scroll of fear {unknown}
 o - a scroll of fog {unknown}
 p - a scroll of remove curse {unknown}
Potions
 b - a potion of brilliance {unknown}
 h - 2 potions of curing
 k - 2 potions of flight
 r - a potion of cancellation
 s - a potion of haste {unknown}
 u - 2 potions of might {unknown}
Comestibles
 g - 8 rations


   Skills:
 + Level 2.1 Fighting
 + Level 2.9 Short Blades
 + Level 2.0 Throwing
 + Level 1.1 Armour
 + Level 1.3 Dodging
 + Level 6.7 Stealth


You had 4 spell levels left.
You didn't know any spells.
Your spell library was empty.

Dungeon Overview and Level Annotations

Branches:
Dungeon (4/15)
 Temple: D:4-7

Altars:


Innate Abilities, Weirdness & Mutations

You have extremely sharp teeth.
Your natural rate of healing is unusually fast.
When hurt, damage is shared between your health and your magic reserves.
Your bite disrupts and absorbs the magic of your enemies.
Potions cannot restore your health.
You are immune to rotting.


Message History

The ogre hits you with a +0 giant club!!
Ouch! That really hurt!
* * * LOW HITPOINT WARNING * * *
You are too injured to fight recklessly!
You are too injured to fight recklessly!
You are too injured to fight recklessly!
You are too injured to fight recklessly!
You are too injured to fight recklessly!
You are too injured to fight recklessly!
You are too injured to fight recklessly!
You hit the ogre.
The ogre is severely wounded.
The ogre hits you with a +0 giant club.
* * * LOW HITPOINT WARNING * * *
You hit the ogre. You bite the ogre. You drain its power.
You feel invigorated.
The ogre is almost dead.
You hit the ogre.
The ogre is almost dead.
The ogre hits you with a +0 giant club!
You die...

.. .. ... #. ##........
..###.. ##......... .....
............ #..#
.............###..####
......... #.........#
........# #O@....## #
........## #......##..##.##
.........#######..##......#
.......#....# ##.###......#
......##....###...#....##...
......#..##...#.##...### ..
.#.....#.##.....##.#.# .
.......#.#####.....#.#
...#.....########..#.#


You could see an ogre.

Vanquished Creatures
  An iguana (D:4)
  3 gnolls (D:2)
  7 adders
  2 oozes (D:3)
  An adder skeleton (D:4)
  A dart slug (D:1)
  A leopard gecko (D:2)
  A ball python (D:1)
  2 giant cockroaches
  7 hobgoblins
  3 jackals (D:3)
  A quokka (D:3)
  8 bats
  5 frilled lizards
  6 goblins
  6 kobolds
  6 rats
61 creatures vanquished.

Notes
Turn   | Place    | Note
-------+----------+-------------------------------------------
     0 | D:1      | Kairos the Vine Stalker Assassin began the quest for the
                  | Orb.
     0 | D:1      | Reached XP level 1. HP: 11/11 MP: 2/2
   100 | D:1      | Reached skill level 5 in Stealth
   127 | D:1      | Reached XP level 2. HP: 11/15 MP: 1/3
   607 | D:2      | Reached XP level 3. HP: 16/18 MP: 4/4
   928 | D:2      | Reached skill level 6 in Stealth
   971 | D:2      | Gained mutation: Your natural rate of healing is unusually
                  | fast. [Vine Stalker growth]
   971 | D:2      | Reached XP level 4. HP: 19/23 MP: 3/5
  1010 | D:2      | Reached skill level 1 in Dodging
  1014 | D:2      | HP: 1/23 [gnoll/+0 halberd (4)]
  1425 | D:3      | Reached XP level 5. HP: 25/26 MP: 3/6
  1815 | D:3      | Reached skill level 1 in Armour
  2032 | D:4      | Noticed an ogre
  2041 | D:4      | HP: 1/26 [ogre/+0 giant club (14)]
  2044 | D:4      | Slain by an ogre

Skill      XL: |  1  2  3  4  5 |
---------------+----------------+-----
Stealth        | 5 6 |  6.7
Short Blades   | 2 |  2.9
Throwing       | 2 |  2.0
Dodging        | 1 |  1.3
Fighting       | 2 |  2.1
Armour         | 1 |  1.1

Action                   |  1- 3 |  4- 6 || total
-------------------------+-------+-------++-------
Melee: Dagger            |    68 |   125 ||   193
       Bite              |    15 |    32 ||    47
  Use: Scroll            |     3 |     1 ||     4
 Stab: Sleeping          |     8 |     3 ||    11
  Eat: Chunk             |       |     3 ||     3
Armor: Robe              |     5 |       ||     5
       Ring mail         |    30 |    32 ||    62
Dodge: Dodged            |    44 |    62 ||   106
